AoeStats
← Josmi-Ga'lock

Black Forest

510007687Analyzed
3v3 RM · 4d ago on Sep 29, 2026· 49m 14s· 6 players
Game mode
Random Map
Map size
Normal (6 player)
Population
200
Speed
Normal
Resources
Standard
Victory
Conquest
Starting age
Dark Age
Ending age
Imperial Age
RankedLock teamsTeams togetherTeam positionsShared explorationLock speedFull tech treeHidden civsTurbo modeCheats
Victory
Defeat
🇨🇦 Bohemians · Canada
1036
+13
🇺🇸 Vikings · United States
1007
+14
🇺🇸 Inca · United States
967
+15
🇧🇷 Mongols · Brazil
991
-15
🇻🇪 Slavs · Venezuela
967
-14
🇦🇷 Saxons · Argentina
932
-13
MetaGing
7:36 Loom
12:00 Feudal Age
12:26 Double-Bit Axe
12:30 Horse Collar
19:27 Castle Age
18:10 Gold Mining
18:37 Stone Mining
21:34 Wheelbarrow
25:41 Scale Mail Armor
26:00 Caravan
26:32 Coinage
26:37 Champi Runner
30:41 Imperial Age
28:47 Chain Mail Armor
30:05 Forging
30:04 Squires
29:55 Arson
31:27 Iron Casting
30:35 Champi Warrior
31:40 Hand Cart
32:16 Caravan
32:26 Elite Champi Warrior
33:31 Conscription
37:48 Plate Mail Armor
38:19 Blast Furnace
41:51 Fabric Shields
42:02 Elite Kamayuk
sicANDtwisted
0:43 Loom
13:09 Feudal Age
13:34 Horse Collar
13:42 Double-Bit Axe
20:45 Castle Age
18:55 Fletching
20:00 Padded Archer Armor
20:01 Gold Mining
21:22 Scale Barding Armor
21:23 Scale Mail Armor
22:16 Crossbowman
23:07 Bodkin Arrow
23:47 Leather Archer Armor
24:24 Squires
24:37 Bow Saw
24:59 Heavy Plow
26:30 Gold Shaft Mining
26:59 Caravan
27:36 Forging
27:41 Town Watch
33:07 Imperial Age
32:36 Ballistics
33:25 Iron Casting
33:07 Chain Mail Armor
33:07 Town Patrol
33:26 Arson
33:01 Pikeman
33:40 Arbalester
36:42 Crop Rotation
36:16 Bracer
36:53 Conscription
38:17 Chemistry
37:55 Treadmill Crane
39:11 Bogsveigar
41:39 Blast Furnace
42:01 Siege Engineers
43:29 Onager
46:08 Elite Varangian Guard
crabjuice
0:28 Loom
12:15 Feudal Age
14:59 Wheelbarrow
18:32 Horse Collar
18:47 Double-Bit Axe
23:35 Castle Age
22:55 Fishing Lines
26:48 Bow Saw
26:40 Heavy Plow
28:14 Hand Cart
28:24 Fletching
28:45 Forging
30:04 Chemistry
29:25 Ballistics
29:16 Fortified Wall
29:32 Ballistics
34:19 Imperial Age
36:09 Elite Hussite Wagon
37:10 Conscription
36:56 Wagenburg Tactics
38:03 Two-Man Saw
38:45 Town Watch
40:13 Siege Engineers
40:19 Masonry
40:21 Pikeman
41:02 Squires
42:18 Scale Mail Armor
42:54 Iron Casting
43:52 Houfnice
46:08 Arson
46:52 Halberdier
Abyssus
0:55 Loom
12:33 Feudal Age
12:57 Horse Collar
14:05 Fishing Lines
14:16 Double-Bit Axe
21:54 Castle Age
19:47 Gold Mining
19:47 Stone Mining
19:58 Gold Mining
20:29 Man-at-Arms
22:23 Scale Barding Armor
22:18 Fletching
22:54 Bow Saw
23:33 Heavy Plow
25:32 Wheelbarrow
24:27 Long Swordsman
25:08 Squires
26:39 Gillnets
26:56 Town Watch
28:48 Caravan
31:22 Detinets
32:10 Gold Shaft Mining
36:46 Imperial Age
34:57 Scale Mail Armor
36:59 Bloodlines
36:51 Husbandry
37:00 Heavy Scorpion
38:48 Chemistry
38:35 Conscription
39:01 Siege Engineers
39:19 Pikeman
39:22 Two-Handed Swordsman
41:32 Hoardings
42:27 Chain Barding Armor
42:19 Forging
43:17 Light Cavalry
44:36 Plate Barding Armor
44:37 Iron Casting
44:43 Elite Boyar
46:41 Onager
ChronoMiner
0:45 Loom
14:33 Feudal Age
15:22 Double-Bit Axe
15:46 Horse Collar
23:14 Castle Age
26:43 Bow Saw
26:37 Heavy Plow
30:30 Gold Mining
30:35 Stone Mining
36:15 Imperial Age
34:22 Wheelbarrow
33:32 Town Watch
35:11 Murder Holes
35:37 Ballistics
35:58 Hand Cart
35:44 Town Patrol
35:47 Pikeman
37:03 Heavy Scorpion
38:49 Chemistry
Josmi-Ga'lock
0:29 Loom
11:07 Feudal Age
11:45 Double-Bit Axe
12:02 Town Watch
15:54 Fishing Lines
16:12 Fletching
24:22 Castle Age
22:58 Stone Mining
25:07 Squires
25:15 Gold Mining
25:08 Crossbowman
26:57 Bodkin Arrow
28:03 Gillnets
30:08 Pikeman
31:08 Horse Collar
32:30 Fortified Wall
34:26 Gold Shaft Mining
34:51 Wheelbarrow
37:12 Imperial Age
35:05 Scale Mail Armor
36:40 Ballistics
36:02 Treadmill Crane
36:33 Thumb Ring
36:36 Elite Skirmisher
37:53 Forging
37:58 Chain Mail Armor
37:19 Halberdier
38:50 Wheelbarrow
38:07 Arbalester
40:16 Iron Casting
39:43 Padded Archer Armor
41:18 Chemistry
41:25 Bracer
41:42 Murder Holes
42:46 Heavy Plow
43:20 Plate Mail Armor
42:31 Elite Varangian Guard
46:02 Leather Archer Armor
47:30 Masonry
Connection lost

Rejoining the realm…

Still unreachable

The connection could not be restored.

Session expired

The server has moved on; the page needs a fresh start.